 Dungeon Crawl Stone Soup version 0.24.0-13-gcf9b3192b9 (webtiles) character file.

Game seed: 4562431000407164738, levelgen mode: deterministic

275 Quickbrownfox the Poker (level 6, 0/47 HPs)
             Began as a Merfolk Skald on Nov 8, 2019.
             Was an Initiate of Qazlal.
             Slain by a gnoll
             ... wielding a +0 spear
              (4 damage)
             ... on level 4 of the Dungeon.
             The game lasted 00:13:29 (3125 turns).

Quickbrownfox the Poker (Merfolk Skald)             Turns: 3125, Time: 00:13:29

Health: 0/47       AC:  5    Str: 12 (13) XL:     6   Next: 24%
Magic:  4/9        EV: 11    Int: 12 (13) God:    Qazlal [......]
Gold:   135        SH:  4    Dex: 11 (13) Spells: 4/9 levels left

rFire    . . .     SeeInvis +   u - +0 short sword (drain)
rCold    . . .     Gourm    .   c - +1 buckler
rNeg     . . .     Faith    .   b - +0 leather armour
rPois    .         Spirit   .   v - +0 helmet (curse)
rElec    .         Reflect  .   (no cloak)
rCorr    .         Harm     .   (no gloves)
MR       .....                  r - +0 pair of boots
Stlth    ++........             (no amulet)
HPRegen  0.15/turn              j - ring of see invisible
MPRegen  0.11/turn              (no ring)

@: lightly drained
A: change form in water, swift swim, stealthy swim
a: Renounce Religion


You were on level 4 of the Dungeon.
You worshipped Qazlal.
Qazlal was noncommittal.
You were not hungry.

You visited 1 branch of the dungeon, and saw 4 of its levels.

You collected 135 gold pieces.

Inventory:

Hand Weapons
 a - a +0 spear
 u - a +0 short sword of draining (weapon)
 w - a +2 short sword of venom
Armour
 b - a +0 leather armour (worn)
 c - a +1 buckler (worn)
 r - a +0 pair of boots (worn)
 v - a cursed +0 helmet (worn)
Jewellery
 j - a ring of see invisible (left hand)
Scrolls
 e - a scroll of teleportation {unknown}
 f - a scroll of amnesia
 h - a scroll of magic mapping {unknown}
 k - a scroll of enchant armour
 l - 3 scrolls of blinking {unknown}
 m - a scroll of identify {unknown}
 p - a scroll of enchant weapon {unknown}
 s - 5 scrolls of remove curse {unknown}
Potions
 i - a potion of agility {unknown}
 n - a potion of experience {unknown}
 o - a potion of brilliance {unknown}
 q - a potion of cancellation {unknown}
 t - a potion of curing
Comestibles
 d - 6 rations


   Skills:
 + Level 3.1 Fighting
 + Level 1.6(1.5) Short Blades
 + Level 5.6(5.5) Polearms
 + Level 1.1 Armour
 + Level 3.1(3.0) Dodging
 + Level 2.2 Stealth
 + Level 0.2 Shields
 + Level 2.3(2.2) Spellcasting
 + Level 4.3 Charms


You had 4 spell levels left.
You knew the following spells:

 Your Spells              Type           Power        Failure   Level  Hunger
a - Infusion              Chrm           ##..         10%         1    ##.....
b - Song of Slaying       Chrm           ##......     14%         2    ###....
c - Shroud of Golubria    Chrm/Tloc      #.....       34%         2    ###....

Your spell library contained the following spells:

 Spells                   Type           Power        Failure   Level  Hunger
 Regeneration             Chrm/Necr      #.........   56%         3    ####...
 Spectral Weapon          Hex/Chrm       #.......     56%         3    ####...


Dungeon Overview and Level Annotations

Branches:
Dungeon (4/15)
 Temple: D:4-7

Altars:
Qazlal
Sif Muna
Wu Jian


Message History

The gnoll hits you with a +0 spear.
The gnoll hits you from afar with a +0 spear.
* * * LOW HITPOINT WARNING * * *
The gnoll closely misses you.
Your shield and leather armour prevent you from hitting the gnoll.
The gnoll is heavily wounded.
You block the gnoll's attack.
The gnoll hits you from afar with a +0 spear.
* * * LOW HITPOINT WARNING * * *
You closely miss the gnoll.
The gnoll is heavily wounded.
The gnoll is no longer moving quickly.
The gnoll hits you but does no damage. The gnoll closely misses you. x2
You hit the gnoll but do no damage.
The gnoll is heavily wounded.
The gnoll hits you but does no damage.
The gnoll hits you from afar with a +0 spear.
* * * LOW HITPOINT WARNING * * *
The gnoll hits you from afar with a +0 spear.
You die... #.# #.#####.#### #.# #.# #.# #.# #.# #.# #.# #.# #.# #.###.#####.# #...........# ### #####.####### #gg

#..# #########
###)# ##.#
#..@.ggg#
#.g.# #.#
#.#####g#
#g### #.# #.#
#.##### #...#
#.# #.#
#.....# #g#.#
#.###.#
#g###.# #.#..
#..<..#
#g###.####....
#..####
#...g..gg..)..
#..#
#.###..g......
#.รท# #.#
########.#


You could see 4 gnolls.

Vanquished Creatures
  A dancing weapon (D:3)
  An ogre (D:3)
  A gnoll shaman (D:4)
  A hound (D:4)
  A hound skeleton (D:4)
  2 gnolls (D:4)
  2 adders (D:2)
  2 oozes
  4 worms
  A dart slug (D:1)
  2 leopard geckos (D:1)
  2 orcs (D:3)
  4 giant cockroaches
  4 goblins
  9 hobgoblins
  A quokka (D:2)
  2 ball pythons
  2 frilled lizards
  8 kobolds
  14 rats
64 creatures vanquished.

Notes
Turn   | Place    | Note
-------+----------+-------------------------------------------
     0 | D:1      | Quickbrownfox the Merfolk Skald began the quest for the
                  | Orb.
     0 | D:1      | Reached XP level 1. HP: 16/16 MP: 3/3
   171 | D:1      | Reached XP level 2. HP: 22/22 MP: 5/5
   644 | D:1      | Reached XP level 3. HP: 18/27 MP: 2/6
   926 | D:2      | Learned a level 2 spell: Song of Slaying
   929 | D:2      | Learned a level 2 spell: Shroud of Golubria
   970 | D:2      | Reached skill level 1 in Armour
  1305 | D:2      | Reached XP level 4. HP: 34/34 MP: 0/7
  1319 | D:2      | Found an ornate altar of the Wu Jian Council.
  1339 | D:2      | Became a worshipper of the Wu Jian Council
  1484 | D:2      | Reached skill level 4 in Polearms
  1998 | D:3      | Found a shimmering blue altar of Sif Muna.
  2069 | D:3      | Noticed an ogre
  2106 | D:3      | Found a stormy altar of Qazlal.
  2118 | D:3      | Killed an ogre
  2118 | D:3      | Reached skill level 5 in Polearms
  2118 | D:3      | Reached skill level 1 in Stealth
  2118 | D:3      | Reached XP level 5. HP: 11/41 MP: 1/8
  2125 | D:3      | Fell from the grace of Wu Jian
  2125 | D:3      | Became a worshipper of Qazlal Stormbringer
  2527 | D:3      | Noticed a +2 broad axe of freezing
  2527 | D:3      | Noticed a +3 dire flail of flaming
  2527 | D:3      | Noticed a +3 broad axe of speed
  2527 | D:3      | Noticed a +2 broad axe of chopping
  2527 | D:3      | Noticed a +2 glaive of chopping
  2614 | D:3      | Killed a +3 broad axe of speed
  2779 | D:4      | Reached XP level 6. HP: 19/47 MP: 9/9
  3071 | D:4      | Reached skill level 1 in Short Blades
  3125 | D:4      | Slain by a gnoll

Levels and vault maps discovered:
D:1:      lordsloth_arrival_two_stooges, layout_loops_ring, minmay_pentomino_u4
D:2:      layout_loops_cross, nicolae_overflow_crystal_walls, first_ration,
          minmay_rat_gold_closets
D:3:      layout_basic, grunt_temple_overflow_gold_and_silver, led_sif_pool,
          grunt_qazlal_clouds
D:4:      layout_loops_ring, gammafunk_temple_overflow_claw,
          kennysheep_mini_moat, uniq_ijyb, uniq_blork_the_orc,
          uniq_crazy_yiuf_cottage

Skill      XL: |  1  2  3  4  5  6 |
---------------+-------------------+-----
Charms         | 4 |  4.3
Armour         | 1 |  1.1
Polearms       | 5 |  5.6
Fighting       | 3 |  3.1
Dodging        | 3 |  3.1
Stealth        | 1 2 |  2.2
Short Blades   | 1 |  1.6
Shields        | |  0.2
Spellcasting   | |  2.3

Action                   |  1- 3 |  4- 6 || total
-------------------------+-------+-------++-------
Melee: Spear             |   128 |    82 ||   210
       Short sword       |       |    65 ||    65
 Cast: Infusion          |    14 |     5 ||    19
       Shroud of Golubri |       |     3 ||     3
Invok: Lunge             |       |     1 ||     1
  Use: Scroll            |     2 |       ||     2
       Potion            |       |     2 ||     2
 Stab: Sleeping          |     3 |     5 ||     8
       Distracted        |       |     1 ||     1
  Eat: Chunk             |     2 |     3 ||     5
       Ration            |       |     1 ||     1
Armor: Leather armour    |    12 |    38 ||    50
Dodge: Dodged            |    40 |    82 ||   122
Block: Buckler           |    11 |    23 ||    34
